 Dungeon Crawl Stone Soup version 0.25-a0-253-g6f1b5d974a (webtiles) character file.

Game seed: 6361605391118839388, levelgen mode: deterministic

2498 floatRand the Cleaver (level 9, -12/64 HPs)
             Began as a Demonspawn Gladiator on Dec 5, 2019.
             Was an Initiate of Qazlal.
             Mangled by an orc warrior
             ... wielding a +0 short sword
              (15 damage)
             ... on level 7 of the Dungeon.
             The game lasted 00:13:00 (9072 turns).

floatRand the Cleaver (Demonspawn Gladiator)        Turns: 9072, Time: 00:13:00

Health: -12/64     AC:  7    Str: 16    XL:     9   Next: 28%
Magic:  13/13      EV: 15    Int: 10    God:    Qazlal [......]
Gold:   209        SH:  3    Dex: 16    Spells: 8/8 levels left

rFire    . . .     SeeInvis .   t - +1 short sword (elec)
rCold    + . .     Gourm    .   u - +0 buckler
rNeg     + . .     Faith    .   b - +0 leather armour
rPois    .         Spirit   .   c - +1 helmet
rElec    .         Reflect  .   (no cloak)
rCorr    .         Harm     .   (no gloves)
MR       .....                  (boots unavailable)
Stlth    ++........             (no amulet)
HPRegen  0.20/turn              B - ring of protection from cold
MPRegen  0.13/turn              (no ring)

@: invisible
A: talons 3, rugged brown scales 2, negative energy resistance 1, nightstalker
1, powered by death 1
a: Renounce Religion


You were on level 7 of the Dungeon.
You worshipped Qazlal.
Qazlal was noncommittal.
You were near starving.

You visited 2 branches of the dungeon, and saw 8 of its levels.
You also visited: Sewer.

You collected 209 gold pieces.

Inventory:

Hand Weapons
 a - a +0 war axe of chopping
 l - a +1 dagger of venom
 t - a +1 short sword of electrocution (weapon)
Missiles
 q - 67 poisoned darts (quivered)
Armour
 b - a +0 leather armour (worn)
 c - a +1 helmet (worn)
 g - a +0 large shield
 u - a +0 buckler (worn)
Jewellery
 B - a ring of protection from cold (left hand)
Wands
 n - a wand of clouds (4)
 y - a wand of flame (18)
Scrolls
 e - 2 scrolls of fear
 h - 3 scrolls of teleportation
 i - 2 scrolls of magic mapping
 j - 8 scrolls of remove curse
 m - a scroll of enchant weapon
 v - 2 scrolls of identify
Potions
 k - a potion of might
 o - a potion of ambrosia {unknown}
 p - a potion of curing
 r - a potion of brilliance
 s - a potion of berserk rage {unknown}
 w - 2 potions of heal wounds {unknown}
 x - a potion of lignification
 A - a potion of magic {unknown}
 C - 2 potions of haste {unknown}
Comestibles
 f - 13 rations


   Skills:
 - Level 2.0 Fighting
 + Level 8.5 Axes
 - Level 1.7 Throwing
 - Level 3.2 Armour
 + Level 6.4 Dodging
 + Level 6.4 Invocations


You had 8 spell levels left.
You didn't know any spells.
Your spell library was empty.

Dungeon Overview and Level Annotations

Branches:
Dungeon (7/15)             Temple (1/1) D:4           Sewer (visited)

Altars:
Ashenzari
Cheibriados
Dithmenos
Elyvilon
Hepliaklqana
Makhleb
Nemelex Xobeh
Okawaru
Qazlal
Ru
Sif Muna
Trog
Uskayaw
Vehumet
Wu Jian
Xom
Yredelemnul
The Shining One

Annotations:
D:3 1 runed translucent door, Crazy Yiuf


Innate Abilities, Weirdness & Mutations

You have claws for feet.
You are mostly covered in rugged brown scales. (AC +2, +5% HP)
You resist negative energy. (rN+)
You are slightly more attuned to the shadows.
You regenerate a little health from kills.


Message History

Unknown command.
Unknown command.
You barely miss the orc warrior.
The orc warrior is almost dead.
The orc warrior hits you with a +0 short sword.
* * * LOW HITPOINT WARNING * * *
Unknown command.
Throwing (i - inventory)
q - 68 poisoned darts (quivered)
Press: ? - help, Shift-Dir - straight line, f/p - orc warrior
Aim: an orc warrior, wielding a +0 short sword and wearing a +0 plate armour (almost dead)
You throw a poisoned dart.
The poisoned dart barely misses the orc warrior.
The poisoned dart hits the crimson imp.
The orc warrior hits you with a +0 short sword.
* * * LOW HITPOINT WARNING * * *
Unknown command.
Okay, then.
You fade into invisibility!
The orc warrior hits you with a +0 short sword!
You die...

.##.# ....#
.(. ... #.#
#.# #5# #o#
#@# ###.##
##....##...
##...(......
###....(...###
#......(.(.#
##..########
#.## #.#


You could see an orc warrior and a crimson imp.

Vanquished Creatures
  Pikel (D:5)
  Grinder (D:3)
  An ice beast (D:5)
  A sky beast (D:5)
  A phantom (D:5)
  An ogre (D:5)
  4 centaurs
  5 big kobolds (Sewer)
  Blork the orc (D:4)
  2 bullfrogs
  A scorpion (D:6)
  A crimson imp (D:5)
  2 orc priests (D:5)
  A centaur skeleton (D:4)
  2 hounds
  2 orc wizards (D:3)
  Jessica (D:3)
  Natasha (thrice) (D:3)
  A worker ant (D:4)
  A hound skeleton (D:3)
  6 adders
  2 river rats (Sewer)
  7 oozes
  An adder zombie (D:6)
  5 worms
  4 dart slugs
  2 leopard geckos
  14 orcs
  4 giant cockroaches
  11 goblins
  7 hobgoblins
  14 jackals
  2 quokkas
  6 ball pythons
  7 bats
  3 frilled lizards (D:2)
  A jackal skeleton (D:5)
  12 kobolds
  A leopard gecko zombie (D:5)
  12 rats
154 creatures vanquished.

Vanquished Creatures (others)
  A bullfrog zombie (D:5)
  A bullfrog skeleton (D:5)
  An adder skeleton (D:5)
  A leopard gecko (D:5)
  An orc (D:5)
  A quokka zombie (D:5)
6 creatures vanquished.

Grand Total: 160 creatures vanquished

Notes
Turn   | Place    | Note
-------+----------+-------------------------------------------
     0 | D:1      | floatRand the Demonspawn Gladiator began the quest for the
                  | Orb.
     0 | D:1      | Reached XP level 1. HP: 16/16 MP: 1/1
   194 | D:1      | Reached skill level 3 in Axes
   207 | D:1      | Gained mutation: You are slightly more attuned to the
                  | shadows. [demonic ancestry]
   207 | D:1      | Reached XP level 2. HP: 8/22 MP: 2/2
  1099 | D:1      | Gained mutation: You have sharp toenails. [demonic
                  | ancestry]
  1099 | D:1      | Reached XP level 3. HP: 27/27 MP: 3/3
  1153 | D:2      | Found a snail-covered altar of Cheibriados.
  1224 | D:2      | Reached skill level 4 in Axes
  1572 | D:2      | Found a basalt altar of Yredelemnul.
  1677 | D:2      | Found a sparkling altar of Nemelex Xobeh.
  1683 | D:2      | Gained mutation: You regenerate a little health from kills.
                  | [demonic ancestry]
  1683 | D:2      | Reached XP level 4. HP: 31/33 MP: 4/4
  1887 | D:2      | Found a bloodstained altar of Trog.
  2191 | D:3      | Noticed Jessica
  2198 | D:3      | Killed Jessica
  2198 | D:3      | Reached skill level 5 in Axes
  2224 | D:3      | Gained mutation: You are partially covered in rugged brown
                  | scales. (AC +1, +3% HP) [demonic ancestry]
  2224 | D:3      | Reached XP level 5. HP: 9/39 MP: 5/5
  2280 | D:3      | Found a glowing drain.
  2488 | Sewer    | Entered a sewer
  2828 | Sewer    | Reached skill level 6 in Axes
  2971 | Sewer    | Gained mutation: You are mostly covered in rugged brown
                  | scales. (AC +2, +5% HP) [demonic ancestry]
  2971 | Sewer    | Reached XP level 6. HP: 36/46 MP: 6/6
  3218 | Sewer    | Reached skill level 1 in Armour
  3610 | Sewer    | Gained mutation: You resist negative energy. (rN+) [demonic
                  | ancestry]
  3610 | Sewer    | Reached XP level 7. HP: 38/52 MP: 7/7
  3879 | D:3      | Noticed Natasha
  3890 | D:3      | Killed Natasha
  3906 | D:3      | Noticed Grinder
  4108 | D:3      | Found a sacrificial altar of Ru.
  4239 | D:3      | Found a shattered altar of Ashenzari.
  4306 | D:3      | Noticed Natasha
  4312 | D:3      | Killed Natasha
  4344 | D:3      | Noticed Natasha
  4357 | D:3      | Killed Natasha
  4591 | D:3      | Found an iron altar of Okawaru.
  4625 | D:3      | Found a runed translucent door.
  4626 | D:3      | Noticed Crazy Yiuf
  4875 | D:3      | Paralysed by Grinder for 2 turns
  4881 | D:3      | Killed Grinder
  4881 | D:3      | Reached skill level 7 in Axes
  4989 | D:4      | Found a staircase to the Ecumenical Temple.
  5207 | Temple   | Entered the Ecumenical Temple
  5253 | Temple   | Became a worshipper of Qazlal Stormbringer
  5451 | D:4      | Found a shimmering blue altar of Sif Muna.
  5519 | D:4      | Found a hazy altar of Hepliaklqana.
  5570 | D:4      | Reached skill level 1 in Invocations
  5686 | D:4      | Gained mutation: You have razor-sharp toenails. [demonic
                  | ancestry]
  5686 | D:4      | Reached XP level 8. HP: 58/58 MP: 8/8
  5930 | D:4      | Noticed Blork the orc
  5942 | D:4      | Killed Blork the orc
  6111 | D:5      | Entered Level 5 of the Dungeon
  6568 | D:5      | Reached skill level 5 in Dodging
  6824 | D:5      | Noticed Pikel
  6882 | D:5      | Killed Pikel
  6882 | D:5      | Reached skill level 8 in Axes
  6882 | D:5      | Reached skill level 5 in Invocations
  7301 | D:5      | Gained mutation: You have claws for feet. [demonic
                  | ancestry]
  7301 | D:5      | Reached XP level 9. HP: 49/64 MP: 11/13
  7355 | D:5      | Found a radiant altar of Vehumet.
  8293 | D:6      | Found a hide-covered altar of Uskayaw.
  8385 | D:6      | Found a hide-covered altar of Uskayaw.
  9071 | D:7      | HP: 3/64 [orc warrior/+0 short sword (2)]
  9072 | D:7      | Mangled by an orc warrior

Levels and vault maps discovered:
D:1:      dpeg_arrival_subterranean_lakeside_camping, layout_loops_ring,
          minmay_misc_feat_columns
D:2:      layout_loops_ring, yredelemnul_altar_generic,
          nemelex_xobeh_ov_fountains_minmay, kennysheep_slug_shrine,
          first_ration, trog_butcher_becter
D:3:      layout_basic, overflow_temple_1_default, lemuel_round_altar,
          portal_sewer_entry_a, nicolae_ashenzari_panopticon, uniq_natasha,
          uniq_crazy_yiuf_cottage, uniq_grinder, uniq_jessica
D:4:      layout_basic, old_standard_altar, old_standard_altar, temple_pool_b,
          uniq_blork_the_orc
D:5:      layout_basic, vehumet_altar_wand_db, patterned_corridor, uniq_pikel
D:6:      layout_layer_cave, eat_drink_and_be_merry_uskayaw, basic_altar
D:7:      layout_layer_cave, gup_ossuary_entry_pyramid, serial_shops, shop,
          uniq_harold, uniq_joseph
Temple:   jpeg_temple_island

Skill      XL: |  1  2  3  4  5  6  7  8  9 |
---------------+----------------------------+-----
Axes           | 3 4 5 6 7 8 |  8.5
Dodging        | 3 4 6 |  6.4
Armour         | 2 3 |  3.2
Invocations    | 1 5 6 |  6.4
Fighting       | |  2.0
Throwing       | |  1.7

Action                   |  1- 3 |  4- 6 |  7- 9 || total
-------------------------+-------+-------+-------++-------
Melee: War axe           |   123 |    46 |       ||   169
       Kick              |    15 |    48 |   102 ||   165
       Dagger            |       |   170 |   204 ||   374
       Short sword       |       |       |    92 ||    92
Throw: Throwing net      |       |       |     3 ||     3
       Dart              |       |       |     1 ||     1
  Use: Potion            |       |     1 |     1 ||     2
       Scroll            |       |       |    17 ||    17
 Stab: Sleeping          |     6 |     7 |     4 ||    17
       Invisible         |       |     2 |       ||     2
       Distracted        |       |       |     1 ||     1
  Eat: Chunk             |     3 |     6 |    13 ||    22
       Ration            |       |       |     1 ||     1
Armor: Leather armour    |    50 |    52 |    82 ||   184
Dodge: Dodged            |   109 |   131 |   191 ||   431
Block: Buckler           |       |       |    24 ||    24

Table legend:
 A = Non-vault XP
 B = Vault XP
 C = Vault XP percentage of total XP
 D = Non-vault monster count
 E = Vault monster count
 F = Vault count percentage of total count
                 A         B        C        D         E       F
            +---------+---------+-------+---------+---------+-------
      Total |    1876 |    1693 |  47.4 |     107 |      47 |  30.5
            +---------+---------+-------+---------+---------+-------
        D:1 |      35 |       8 |  18.6 |      18 |       6 |  25.0
        D:2 |      89 |      11 |  11.0 |      26 |       5 |  16.1
        D:3 |     212 |     332 |  61.0 |      26 |       5 |  16.1
        D:4 |     146 |      85 |  36.8 |      10 |       1 |   9.1
        D:5 |     916 |     664 |  42.0 |      20 |       2 |   9.1
        D:6 |     270 |       0 |   0.0 |       5 |       0 |   0.0
        D:7 |     208 |       0 |   0.0 |       2 |       0 |   0.0
      Sewer |       0 |     593 | 100.0 |       0 |      28 | 100.0
            +---------+---------+-------+---------+---------+-------
